[Event "Nordic Chess-ch 2019"]
[Site "Sarpsborg"]
[Date "2019.06.24"]
[Round "6.16"]
[White "Dingertz, Erik"]
[Black "Ptacnikova, Lenka"]
[Result "1/2-1/2"]
[ECO "A25"]
[WhiteElo "1969"]
[BlackElo "2145"]
[Annotator "NA"]
[PlyCount "75"]
[EventDate "2019.06.21"]
[EventType "swiss"]
[EventCountry "NOR"]
[SourceTitle "playchess.com"]
[Source "ChessBase"]
[SourceQuality "1"]
[TimeControl "40/5400+30:1800+30"]

1. c4 e5 2. g3 Nc6 3. Bg2 f5 4. Nc3 Nf6 5. d3 Bb4 6. Bd2 O-O 7. Nd5 Bxd2+ 8. Qxd2 a5 9. Nf3 d6 10. O-O h6 11. Ne1 Ne7 12. Nc2 Nfxd5 13. cxd5 f4 14. d4 Bg4 15. dxe5 dxe5 16. f3 Be6 17. e4 fxe3 18. Qxe3 Bf5 19. Rac1 Qxd5 20. f4 Qb5 21. Qxe5 Qxe5 22. fxe5 c6 23. Nd4 Bg4 24. h3 Rxf1+ 25. Rxf1 Bh5 26. g4 Bf7 27. b3 Bd5 28. Nf5 Nxf5 29. Bxd5+ cxd5 30. gxf5 Re8 31. e6 g6 32. Rd1 gxf5 33. Rxd5 a4 34. Rxf5 axb3 35. axb3 Rxe6 36. Rb5 b6 37. Kf2 Kg7 38. Kf3 1/2-1/2

[Event "Nordic Chess-ch 2019"]
[Site "Sarpsborg"]
[Date "2019.06.24"]
[Round "6.17"]
[White "Kvaloy, Aksel Bu"]
[Black "Johansen, Kolbjorn-Albin"]
[Result "1-0"]
[ECO "C41"]
[WhiteElo "2138"]
[BlackElo "1690"]
[Annotator "NA"]
[PlyCount "57"]
[EventDate "2019.06.21"]
[EventType "swiss"]
[EventCountry "NOR"]
[SourceTitle "playchess.com"]
[Source "ChessBase"]
[SourceQuality "1"]
[TimeControl "40/5400+30:1800+30"]

1. e4 d6 2. d4 Nf6 3. Nc3 Nbd7 4. Nf3 e5 5. Bc4 Be7 6. a4 c6 7. O-O Qc7 8. Qe2 O-O 9. Rd1 a5 10. Be3 Nb6 11. dxe5 dxe5 12. Nxe5 Qxe5 13. Bxb6 Bg4 14. f3 Bc5+ 15. Bxc5 Qxc5+ 16. Kh1 Be6 17. Bxe6 fxe6 18. e5 Nd5 19. Ne4 Qe3 20. Qxe3 Nxe3 21. Rd7 Rf7 22. Rxf7 Kxf7 23. Nd6+ Kg6 24. Nxb7 Nxc2 25. Rc1 Rb8 26. Nxa5 Rxb2 27. Nxc6 Kf5 28. g3 Ra2 29. Rxc2 1-0

[Event "Nordic Chess-ch 2019"]
[Site "Sarpsborg"]
[Date "2019.06.24"]
[Round "6.18"]
[White "Stellas, Dimitrios"]
[Black "Sahl, Sheila Barth"]
[Result "1/2-1/2"]
[ECO "D00"]
[WhiteElo "1976"]
[BlackElo "2127"]
[Annotator "NA"]
[PlyCount "86"]
[EventDate "2019.06.21"]
[EventType "swiss"]
[EventCountry "NOR"]
[SourceTitle "playchess.com"]
[Source "ChessBase"]
[SourceQuality "1"]
[TimeControl "40/5400+30:1800+30"]

1. d4 Nf6 2. Bf4 d5 3. e3 c5 4. c3 Nc6 5. Nd2 Bf5 6. Qb3 Qc8 7. h3 c4 8. Qd1 e6 9. Ngf3 h6 10. Be2 Be7 11. Ne5 b5 12. a3 a5 13. O-O O-O 14. f3 Nxe5 15. Bxe5 b4 16. e4 Bh7 17. Re1 Nd7 18. Bg3 Re8 19. Bf1 Qc6 20. Qe2 Kf8 21. axb4 axb4 22. Rxa8 Qxa8 23. Qd1 Nb6 24. exd5 exd5 25. cxb4 Bxb4 26. Rxe8+ Qxe8 27. Nb1 Qe3+ 28. Bf2 Qb3 29. Qc1 g5 30. Nc3 Qc2 31. Qxc2 Bxc2 32. Be3 Ke7 33. Kf2 Kd7 34. Be2 Kc6 35. h4 f6 36. hxg5 hxg5 37. f4 gxf4 38. Bxf4 Bd6 39. Bxd6 Kxd6 40. Ke3 Nc8 41. Bf3 Ne7 42. Kd2 Bh7 43. Ne2 Bg6 1/2-1/2

[Event "Nordic Chess-ch 2019"]
[Site "Sarpsborg"]
[Date "2019.06.24"]
[Round "6.19"]
[White "Kreken, Eivind Grunt"]
[Black "Gonzalez, Francisco Silva"]
[Result "1/2-1/2"]
[ECO "E32"]
[WhiteElo "1784"]
[BlackElo "2095"]
[Annotator "NA"]
[PlyCount "115"]
[EventDate "2019.06.21"]
[EventType "swiss"]
[EventCountry "NOR"]
[SourceTitle "playchess.com"]
[Source "ChessBase"]
[SourceQuality "1"]
[TimeControl "40/5400+30:1800+30"]

1. d4 Nf6 2. c4 e6 3. Nc3 Bb4 4. Qc2 d6 5. Nf3 Nbd7 6. a3 Bxc3+ 7. Qxc3 b6 8. g3 Bb7 9. Bg2 O-O 10. O-O Qe7 11. Bg5 Rfe8 12. Nd2 Bxg2 13. Kxg2 e5 14. e4 Nxe4 15. Nxe4 exd4 16. Bxe7 dxc3 17. Nxc3 Rxe7 18. Nd5 Re2 19. Nxc7 Rc8 20. Nb5 Rxb2 21. Nxd6 Rc6 22. Rfd1 Nf8 23. Rd3 g6 24. Rad1 Ne6 25. R3d2 Rxd2 26. Rxd2 Kf8 27. Nb5 a6 28. Nd4 Nxd4 29. Rxd4 Ke7 30. Kf3 Rc5 31. Ke3 Ra5 32. Rd3 Ra4 33. Rc3 Kd6 34. Kd2 Kc5 35. Kd3 f6 36. f3 f5 37. f4 h6 38. h3 g5 39. fxg5 hxg5 40. h4 gxh4 41. gxh4 Kd6 42. Ke3 Ke6 43. Rb3 Ke5 44. h5 Rxc4 45. h6 b5 46. Kf2 Rh4 47. a4 b4 48. Kg3 Rg4+ 49. Kf3 a5 50. h7 Rh4 51. Re3+ Kd4 52. Re7 Kc3 53. Ra7 Kb3 54. Rxa5 Ka2 55. Rb5 b3 56. a5 b2 57. a6 Rxh7 58. Ra5+ 1/2-1/2

[Event "Nordic Chess-ch 2019"]
[Site "Sarpsborg"]
[Date "2019.06.24"]
[Round "6.20"]
[White "Fernandez, Juan Pablo"]
[Black "Jashari, Driton"]
[Result "1/2-1/2"]
[ECO "E01"]
[WhiteElo "2066"]
[BlackElo "1755"]
[Annotator "NA"]
[PlyCount "50"]
[EventDate "2019.06.21"]
[EventType "swiss"]
[EventCountry "NOR"]
[SourceTitle "playchess.com"]
[Source "ChessBase"]
[SourceQuality "1"]
[TimeControl "40/5400+30:1800+30"]

1. c4 c6 2. g3 Nf6 3. Nf3 e6 4. Bg2 d5 5. O-O Nbd7 6. Qc2 Be7 7. d4 Qc7 8. Bf4 Bd6 9. Bxd6 Qxd6 10. c5 Qe7 11. Nbd2 e5 12. e4 dxe4 13. Nxe5 O-O 14. Nxd7 Qxd7 15. Nxe4 Qxd4 16. Rad1 Qe5 17. Nd6 Rb8 18. Rfe1 Qh5 19. Nxc8 Rbxc8 20. Re7 Rcd8 21. Rd6 Rde8 22. Rxb7 Re1+ 23. Bf1 Qh3 24. Qc4 Ree8 25. Bg2 Qh5 1/2-1/2

[Event "Nordic Chess-ch 2019"]
[Site "Sarpsborg"]
[Date "2019.06.24"]
[Round "6.21"]
[White "Johansen, Torbjorn Reidar"]
[Black "Thorn, Eric"]
[Result "0-1"]
[ECO "C60"]
[WhiteElo "1754"]
[BlackElo "2230"]
[Annotator "NA"]
[PlyCount "70"]
[EventDate "2019.06.21"]
[EventType "swiss"]
[EventCountry "NOR"]
[SourceTitle "playchess.com"]
[Source "ChessBase"]
[SourceQuality "1"]
[TimeControl "40/5400+30:1800+30"]

1. e4 e5 2. Nf3 Nc6 3. Bb5 g6 4. O-O Bg7 5. c3 Nge7 6. d4 exd4 7. cxd4 d5 8. exd5 Nxd5 9. Re1+ Be6 10. Bg5 Qd6 11. Nc3 Nxc3 12. bxc3 O-O 13. Qd2 a6 14. Bf1 Rfe8 15. Bf4 Qd7 16. h3 Bd5 17. Ne5 Nxe5 18. Bxe5 Bxe5 19. Rxe5 Rxe5 20. dxe5 Rd8 21. f4 Bc6 22. Qf2 Qd2 23. Qh4 Qe3+ 24. Kh2 Rd2 25. Re1 Qf2 26. Qxf2 Rxf2 27. Kg3 Rxa2 28. Rd1 Rc2 29. Rd8+ Kg7 30. c4 a5 31. Rc8 a4 32. Rxc7 a3 33. e6 a2 34. e7 a1=Q 35. Rxc6 Qe1+ 0-1

[Event "Nordic Chess-ch 2019"]
[Site "Sarpsborg"]
[Date "2019.06.24"]
[Round "6.22"]
[White "Neretljak, Nedzad"]
[Black "Henriksen, Morgan"]
[Result "1-0"]
[ECO "B22"]
[WhiteElo "2114"]
[BlackElo "1717"]
[Annotator "NA"]
[PlyCount "41"]
[EventDate "2019.06.21"]
[EventType "swiss"]
[EventCountry "NOR"]
[SourceTitle "playchess.com"]
[Source "ChessBase"]
[SourceQuality "1"]
[TimeControl "40/5400+30:1800+30"]

1. e4 c5 2. c3 g6 3. d4 cxd4 4. cxd4 Bg7 5. h4 b6 6. h5 gxh5 7. Bc4 e6 8. Nc3 Bb7 9. d5 Qc7 10. Qd3 Nf6 11. Nge2 a6 12. Bb3 b5 13. a3 Qd6 14. Bf4 Qc5 15. Qg3 O-O 16. Bh6 Ng4 17. Bxg7 Kxg7 18. Rxh5 f5 19. exf5 exf5 20. Rg5+ Kh6 21. Qh4# 1-0

[Event "Nordic Chess-ch 2019"]
[Site "Sarpsborg"]
[Date "2019.06.24"]
[Round "6.23"]
[White "Hamre, Kenneth"]
[Black "Eiding, Amanda Mai Irgens"]
[Result "1-0"]
[ECO "A06"]
[WhiteElo "2033"]
[BlackElo "1655"]
[Annotator "NA"]
[PlyCount "113"]
[EventDate "2019.06.21"]
[EventType "swiss"]
[EventCountry "NOR"]
[SourceTitle "playchess.com"]
[Source "ChessBase"]
[SourceQuality "1"]
[TimeControl "40/5400+30:1800+30"]

1. Nf3 d5 2. b3 Nf6 3. Bb2 e6 4. e3 c5 5. Bb5+ Bd7 6. Be2 Nc6 7. O-O Bd6 8. d4 O-O 9. Ne5 cxd4 10. exd4 Qc7 11. f4 Ne4 12. Nd2 Nxd2 13. Qxd2 f6 14. Nxd7 Qxd7 15. Bf3 f5 16. c4 Bb4 17. Qe3 Ba5 18. Rfd1 Rfd8 19. Rac1 Rac8 20. g3 Bb6 21. c5 Bc7 22. a3 Na5 23. Be2 a6 24. b4 Nc6 25. Bc3 Na7 26. Be1 Re8 27. Qb3 Bd8 28. a4 b5 29. Ra1 Rb8 30. axb5 axb5 31. Ra6 Nc6 32. Bf2 Kf8 33. Rda1 Bc7 34. Bd3 Rec8 35. Qb2 Bd8 36. R1a2 g6 37. Qc3 Kf7 38. Kg2 Kf8 39. Be2 Kf7 40. Be3 Kf8 41. h3 Kf7 42. Ra1 Bc7 43. Qb2 Rg8 44. Qd2 Ke7 45. Bd3 Kf7 46. Rb1 Ke7 47. Qe2 Nd8 48. Rba1 Ke8 49. Bd2 Rg7 50. c6 Nxc6 51. Bxb5 Rxb5 52. Qxb5 Nxd4 53. Ra8+ Ke7 54. Qc5+ Kf6 55. Qxd4+ e5 56. fxe5+ Bxe5 57. R1a6+ 1-0

[Event "Nordic Chess-ch 2019"]
[Site "Sarpsborg"]
[Date "2019.06.24"]
[Round "6.24"]
[White "Schouten, Mathias Lind"]
[Black "Strand, Vetle Bjorge"]
[Result "1-0"]
[ECO "C06"]
[WhiteElo "1967"]
[BlackElo "1609"]
[Annotator "NA"]
[PlyCount "165"]
[EventDate "2019.06.21"]
[EventType "swiss"]
[EventCountry "NOR"]
[SourceTitle "playchess.com"]
[Source "ChessBase"]
[SourceQuality "1"]
[TimeControl "40/5400+30:1800+30"]

1. e4 e6 2. d4 d5 3. Nd2 Nf6 4. e5 Nfd7 5. Bd3 c5 6. c3 Nc6 7. Ne2 Be7 8. f4 {[%emt 1:33:31] C06: French Tarrasch: 3...Nf6 4 e5 Nfd7 5 Bd3 main lines} (8. Nf3 a5 9. O-O cxd4 10. cxd4 Nb6 11. Nc3 Bd7 12. a4 Nb4 13. Be2 Nc8 14. Be3 Na7 15. Nd2 O-O 16. f4 f5 17. exf6 Bxf6 18. Nf3 Nac6 {1-0 (47) Naiditsch,A (2704)-Bischoff,K (2519) Germany 2012}) 8... cxd4 9. cxd4 Bh4+ $146 ({Predecessor:} 9... f5 10. O-O O-O 11. Nf3 Nb6 12. Kh1 Bd7 13. Rg1 Be8 14. h3 a5 15. g4 {0-1 (56) Perez Candelario,M (2504)-Pert,N (2493) Gothenburg 2005}) 10. g3 Be7 11. O-O a6 12. Nf3 f5 13. Kh1 b5 14. Rg1 h5 15. h3 Nb6 16. Nh2 Bb7 17. g4 hxg4 18. hxg4 g6 19. a3 Na5 20. b3 Qd7 21. Bb2 O-O-O 22. g5 Kb8 23. Kg2 Nac4 24. Bc1 Bxa3 25. Rxa3 Nxa3 26. Bxa3 Nc4 27. Bc1 Nb6 28. Nf3 Rh7 29. Rh1 Rdh8 30. Rxh7 Rxh7 31. Ba3 Nc8 32. Bc5 Rh8 33. b4 Qc6 34. Qc1 Qd7 35. Ng3 Rh7 36. Bf1 Rh8 37. Qa3 Qc6 38. Qa5 Rg8 39. Ng1 Rh8 40. Nh3 Rg8 41. Ne2 Rh8 42. Nc1 Ka8 43. Nb3 Na7 44. Qa2 Bc8 45. Qd2 Qd7 46. Bxa7 Kxa7 47. Nc5 Qc6 48. Qa2 Qb6 49. Kg3 Rh7 50. Bg2 Bb7 51. Ng1 Re7 52. Nf3 Rh7 53. Nh4 Rg7 54. Kf2 Ka8 55. Ke3 Ka7 56. Kd3 Ka8 57. Qa5 Qxa5 58. bxa5 Bc8 59. Kc3 Kb8 60. Kb3 Kc7 61. Nd3 Kc6 62. Nb4+ Kc7 63. Nxd5+ exd5 64. Bxd5 Bb7 65. Bxb7 Kxb7 66. d5 Kc7 (66... Rg8 {keeps fighting.} 67. Kb4 Kc7 $11) 67. Kb4 $2 (67. Nf3 $18) 67... Kb7 $2 68. Kc5 $2 ({White has to play} 68. e6 $18 Rg8 69. Nf3) 68... Rc7+ $1 69. Kd6 b4 70. Nf3 Kc8 $2 (70... b3 $11 71. Nd2 b2) 71. Nd4 Rd7+ $18 72. Ke6 Rb7 73. d6 b3 74. d7+ Rxd7 75. Nxb3 Rd3 76. Nc5 Ra3 77. Kf6 Rxa5 78. Ne6 Ra1 79. Kxg6 a5 80. Kxf5 a4 81. g6 a3 82. g7 Rg1 83. Ng5 1-0

[Event "Nordic Chess-ch 2019"]
[Site "Sarpsborg"]
[Date "2019.06.24"]
[Round "6.25"]
[White "Stabbetorp, Jon Anders"]
[Black "Haggar, Haytham"]
[Result "1/2-1/2"]
[ECO "B06"]
[WhiteElo "1817"]
[BlackElo "1309"]
[Annotator "NA"]
[PlyCount "83"]
[EventDate "2019.06.21"]
[EventType "swiss"]
[EventCountry "NOR"]
[SourceTitle "playchess.com"]
[Source "ChessBase"]
[SourceQuality "1"]
[TimeControl "40/5400+30:1800+30"]

1. e4 g6 2. f4 Bg7 3. Nf3 c6 4. d4 Nf6 5. Nc3 d5 6. e5 Nfd7 7. Bd3 Nb6 8. b3 Bg4 9. h3 Bd7 10. a4 a5 11. Ba3 Na6 12. Qe2 Bh6 13. Ng5 e6 14. Nd1 Nb4 15. Ne3 Bxg5 16. fxg5 Qxg5 17. Ng4 Qh4+ 18. Kd1 O-O-O 19. Nf6 Qxd4 20. Rc1 Na2 21. Qd2 Nxc1 22. Qxa5 Qxe5 23. Qxb6 Nxd3 24. cxd3 Qa1+ 25. Ke2 Qxa3 26. Rf1 Qb2+ 27. Kd1 Qxg2 28. Rf4 Qh1+ 29. Kc2 Qh2+ 30. Rf2 Qc7 31. Qa7 e5 32. Kb2 Bxh3 33. a5 Bf5 34. Rc2 Bxd3 35. Rc3 Bb5 36. b4 d4 37. Rc5 Ba6 38. Qa8+ Qb8 39. Rxc6+ bxc6 40. Qxc6+ Qc7 41. Qa8+ Qb8 42. Qc6+ 1/2-1/2

[Event "Nordic Chess-ch 2019"]
[Site "Sarpsborg"]
[Date "2019.06.24"]
[Round "6.26"]
[White "Hanebuth, Katja"]
[Black "Asbjornsen, Jakob"]
[Result "0-1"]
[ECO "A46"]
[WhiteElo "1463"]
[BlackElo "1359"]
[Annotator "NA"]
[PlyCount "84"]
[EventDate "2019.06.21"]
[EventType "swiss"]
[EventCountry "NOR"]
[SourceTitle "playchess.com"]
[Source "ChessBase"]
[SourceQuality "1"]
[TimeControl "40/5400+30:1800+30"]

1. d4 Nf6 2. Nf3 e6 3. e3 Be7 4. Be2 O-O 5. O-O b6 6. b3 Bb7 7. Nbd2 d5 8. c4 Nbd7 9. h3 Re8 10. Bb2 Nf8 11. Ne5 N6d7 12. cxd5 Nxe5 13. dxe5 Bxd5 14. Bb5 Bxg2 15. Bxe8 Bxf1 16. Bxf7+ Kxf7 17. Qf3+ Kg8 18. Nxf1 Ng6 19. Rd1 Qe8 20. Rc1 c5 21. Rd1 Rb8 22. Rd2 Qc8 23. Qe2 Qb7 24. f3 Rf8 25. e4 Qc7 26. Nh2 Nxe5 27. Qg2 Ng6 28. Qf1 Bg5 29. Rg2 Bf4 30. Ng4 e5 31. Qc4+ Kh8 32. Kf1 Qd6 33. Qe2 Re8 34. Kg1 Bg5 35. Qf1 Bf4 36. Kh1 Rd8 37. Rf2 h5 38. Nh2 Bg3 39. Rg2 h4 40. Qc1 Nf4 41. Rc2 Qd1+ 42. Qxd1 Rxd1+ 0-1

[Event "Nordic Chess-ch 2019"]
[Site "Sarpsborg"]
[Date "2019.06.24"]
[Round "6.27"]
[White "Pettersen, Morgan Buckholm"]
[Black "Tenold, Andreas"]
[Result "1-0"]
[ECO "E32"]
[WhiteElo "1508"]
[BlackElo "1959"]
[Annotator "NA"]
[PlyCount "89"]
[EventDate "2019.06.21"]
[EventType "swiss"]
[EventCountry "NOR"]
[SourceTitle "playchess.com"]
[Source "ChessBase"]
[SourceQuality "1"]
[TimeControl "40/5400+30:1800+30"]

1. d4 Nf6 2. c4 e6 3. Nc3 Bb4 4. Qc2 b6 5. a3 Bxc3+ 6. Qxc3 Bb7 7. Bg5 h6 8. Bh4 O-O 9. e3 d6 10. Ne2 Nbd7 11. Qc2 c5 12. dxc5 dxc5 13. Rd1 Qe7 14. Nc3 Rad8 15. f3 Ne5 16. Rxd8 Rxd8 17. Be2 Ng6 18. Bf2 e5 19. O-O e4 20. f4 Qe6 21. Rd1 Rd7 22. Rxd7 Nxd7 23. Qd1 Ne7 24. h3 g6 25. Qc2 h5 26. Nb1 f5 27. Bh4 Nc8 28. Qc3 Nd6 29. Nd2 a6 30. b3 b5 31. Kf2 bxc4 32. Nxc4 Bd5 33. Nxd6 Qxd6 34. Qd2 Qe6 35. Bxa6 Bxb3 36. Bc8 Bd5 37. Be7 c4 38. Bb4 Qc6 39. Qd4 Nf6 40. Bc3 Kf7 41. Qa7+ Kg8 42. Qe7 Qxc8 43. Qxf6 Qd7 44. Qxg6+ Kf8 45. Bb4+ 1-0

[Event "Nordic Chess-ch 2019"]
[Site "Sarpsborg"]
[Date "2019.06.24"]
[Round "6.28"]
[White "Holand, Per Fredrik"]
[Black "Kro, Andreas Fuskeland"]
[Result "1/2-1/2"]
[ECO "C14"]
[WhiteElo "1883"]
[BlackElo "1565"]
[Annotator "NA"]
[PlyCount "58"]
[EventDate "2019.06.21"]
[EventType "swiss"]
[EventCountry "NOR"]
[SourceTitle "playchess.com"]
[Source "ChessBase"]
[SourceQuality "1"]
[TimeControl "40/5400+30:1800+30"]

1. e4 e6 2. d4 d5 3. Nc3 Nf6 4. Bg5 Be7 5. e5 Nfd7 6. h4 c5 7. Bxe7 Qxe7 8. Nb5 Kd8 9. Qg4 f6 10. O-O-O a6 11. Nd6 Nc6 12. f4 Nxd4 13. c3 Nc6 14. Nf3 Kc7 15. Bd3 fxe5 16. fxe5 Ndxe5 17. Nxe5 Nxe5 18. Nxc8 Nxg4 19. Nxe7 Nf2 20. Rhf1 Nxd1 21. Kxd1 Kd7 22. Rf7 Ke8 23. Rxg7 Kf8 24. Nf5 exf5 25. Rxb7 Rg8 26. Rxh7 Rxg2 27. Rh8+ Rg8 28. Rxg8+ Kxg8 29. Bxf5 Kf8 1/2-1/2

[Event "Nordic Chess-ch 2019"]
[Site "Sarpsborg"]
[Date "2019.06.24"]
[Round "6.29"]
[White "Skaar, Ben Samuel Groth"]
[Black "Hoiom, Jonas"]
[Result "1-0"]
[ECO "C02"]
[WhiteElo "1362"]
[BlackElo "1317"]
[Annotator "NA"]
[PlyCount "89"]
[EventDate "2019.06.21"]
[EventType "swiss"]
[EventCountry "NOR"]
[SourceTitle "playchess.com"]
[Source "ChessBase"]
[SourceQuality "1"]
[TimeControl "40/5400+30:1800+30"]

1. e4 e6 2. d4 d5 3. e5 c5 4. c3 Nc6 5. Nf3 Qb6 6. Be2 cxd4 7. cxd4 Bb4+ 8. Nc3 Nge7 9. O-O Nf5 10. Be3 Nxe3 11. fxe3 O-O 12. Qc2 Bxc3 13. bxc3 Bd7 14. Bd3 h6 15. Rf2 Na5 16. Raf1 Bb5 17. Nh4 Bxd3 18. Qxd3 Qd8 19. Ng6 Qg5 20. Nxf8 Rxf8 21. e4 dxe4 22. Qxe4 Qe7 23. d5 exd5 24. Qxd5 Nc6 25. Rb1 Rd8 26. Qf3 Nxe5 27. Qxb7 Rd7 28. Qb4 Nc6 29. Qxe7 Rxe7 30. h3 Re3 31. Rc1 Ne5 32. Rd2 Nc4 33. Rd4 Nb6 34. Kf2 Re5 35. Rc2 Kf8 36. Kf3 Ke7 37. Re4 Kd6 38. Rd2+ Ke6 39. Rxe5+ Kxe5 40. Re2+ Kd6 41. Re8 Nd5 42. Ra8 Nxc3 43. Rxa7 Ke6 44. a4 Nd5 45. Rb7 1-0

[Event "Nordic Chess-ch 2019"]
[Site "Sarpsborg"]
[Date "2019.06.24"]
[Round "6.30"]
[White "Nizar, Siako"]
[Black "Berisha, Xhafer"]
[Result "0-1"]
[ECO "A36"]
[WhiteElo "1209"]
[BlackElo "1340"]
[Annotator "NA"]
[PlyCount "46"]
[EventDate "2019.06.21"]
[EventType "swiss"]
[EventCountry "NOR"]
[SourceTitle "playchess.com"]
[Source "ChessBase"]
[SourceQuality "1"]
[TimeControl "40/5400+30:1800+30"]

1. c4 e6 2. Nc3 c5 3. e4 Nc6 4. g3 Nf6 5. Bg2 Nd4 6. Nge2 e5 7. O-O Be7 8. f4 d6 9. h3 Bd7 10. d3 a6 11. a4 g6 12. Nd5 Bc6 13. Nec3 O-O 14. Ne2 Nh5 15. Nxd4 cxd4 16. Kh2 Bxd5 17. cxd5 exf4 18. Bxf4 Nxf4 19. Rxf4 Bf6 20. Qf3 Be5 21. Rg4 h5 22. Rh4 Qxh4 23. Kh1 Bxg3 0-1

[Event "Nordic Chess-ch 2019"]
[Site "Sarpsborg"]
[Date "2019.06.24"]
[Round "6.31"]
[White "Kirppo, Ronny"]
[Black "Ulrichsen, Jarl H"]
[Result "0-1"]
[ECO "E01"]
[WhiteElo "1910"]
[BlackElo "2180"]
[Annotator "NA"]
[PlyCount "90"]
[EventDate "2019.06.21"]
[EventType "swiss"]
[EventCountry "NOR"]
[SourceTitle "playchess.com"]
[Source "ChessBase"]
[SourceQuality "1"]
[TimeControl "40/5400+30:1800+30"]

1. d4 Nf6 2. c4 e6 3. Nf3 d5 4. g3 c6 5. Bg2 Nbd7 6. cxd5 exd5 7. Nc3 Bd6 8. O-O O-O 9. Qc2 Re8 10. Bf4 Nf8 11. Bxd6 Qxd6 12. Ne5 Ng4 13. Nxg4 Bxg4 14. Rfe1 Ne6 15. Qd2 Qb4 16. Rad1 f5 17. f3 Bh5 18. e3 Rad8 19. Rf1 g5 20. Rfe1 h6 21. Kh1 Qf8 22. Rc1 f4 23. exf4 gxf4 24. g4 Bg6 25. Re5 Nc7 26. Rce1 Rxe5 27. Rxe5 Re8 28. Ne2 Rxe5 29. dxe5 Ne6 30. Bf1 Qc5 31. Kg2 Qe3 32. Qxe3 fxe3 33. f4 Be4+ 34. Kg3 Bd3 35. Kf3 d4 36. Nxd4 Nxd4+ 37. Kxe3 Bxf1 38. Kxd4 Bh3 39. e6 Bxg4 40. Ke5 c5 41. f5 c4 42. f6 b5 43. Kd6 Kf8 44. e7+ Kf7 45. Kc7 Bh5 0-1

[Event "Nordic Chess-ch 2019"]
[Site "Sarpsborg"]
[Date "2019.06.24"]
[Round "6.32"]
[White "Eriksson, Kristian"]
[Black "Dogani, Avduraim"]
[Result "1-0"]
[ECO "C42"]
[WhiteElo "2111"]
[BlackElo "2107"]
[Annotator "NA"]
[PlyCount "81"]
[EventDate "2019.06.21"]
[EventType "swiss"]
[EventCountry "NOR"]
[SourceTitle "playchess.com"]
[Source "ChessBase"]
[SourceQuality "1"]
[TimeControl "40/5400+30:1800+30"]

1. e4 e5 2. Nf3 Nf6 3. Nxe5 d6 4. Nc4 Nxe4 5. Nc3 Nf6 6. d4 Be7 7. Bd3 Nc6 8. d5 Nb4 9. Be2 c6 10. Ne3 a5 11. Bf3 Bd7 12. O-O O-O 13. b3 Rc8 14. Bb2 Re8 15. a3 Na6 16. Qd4 Nc7 17. Rfd1 Bf8 18. Rac1 c5 19. Qf4 b5 20. Ne2 Na8 21. Ng3 c4 22. bxc4 bxc4 23. Nxc4 Bb5 24. Ne3 Nd7 25. Bh5 g6 26. Bg4 Ne5 27. Bxc8 Qxc8 28. Ne4 Be7 29. Nf6+ Bxf6 30. Qxf6 Qd8 31. Ng4 h5 32. Bxe5 dxe5 33. Nh6+ Kh7 34. Qxd8 Rxd8 35. Nxf7 Rb8 36. Nxe5 Re8 37. Re1 Nb6 38. c4 Bxc4 39. Nxc4 Rxe1+ 40. Rxe1 Nxc4 41. Rc1 1-0

[Event "Nordic Chess-ch 2019"]
[Site "Sarpsborg"]
[Date "2019.06.24"]
[Round "6.33"]
[White "Hauge, Tor Arne"]
[Black "Store, Trond"]
[Result "0-1"]
[ECO "B20"]
[WhiteElo "2022"]
[BlackElo "2100"]
[Annotator "NA"]
[PlyCount "110"]
[EventDate "2019.06.21"]
[EventType "swiss"]
[EventCountry "NOR"]
[SourceTitle "playchess.com"]
[Source "ChessBase"]
[SourceQuality "1"]
[TimeControl "40/5400+30:1800+30"]

1. e4 c5 2. d3 e6 3. g3 b5 4. Bg2 Bb7 5. Nh3 Nf6 6. O-O d5 7. Nd2 Be7 8. e5 Nfd7 9. f4 g6 10. Nf3 Nc6 11. c3 Nb6 12. g4 h5 13. Nfg5 hxg4 14. Qxg4 Qd7 15. Bd2 Bxg5 16. Qxg5 Qe7 17. Qxe7+ Nxe7 18. Ng5 Nf5 19. b3 O-O 20. c4 bxc4 21. dxc4 Rad8 22. Rf2 Rd7 23. Ba5 dxc4 24. Bxb6 axb6 25. Bxb7 Rxb7 26. bxc4 Rd8 27. Rc1 Rd4 28. Rf3 Ra7 29. a3 Ra4 30. Rb1 Raxc4 31. Rxb6 Rxf4 32. Rxf4 Rxf4 33. Nxe6 fxe6 34. Rxe6 Kf7 35. Rf6+ Kg7 36. Rc6 Ne3 37. h3 c4 38. a4 Rf1+ 39. Kh2 Ra1 40. Kg3 Rxa4 41. Kf4 Nd5+ 42. Kg5 Ne7 43. Re6 Kf7 44. Rf6+ Ke8 45. Rf4 Kd7 46. h4 Ke6 47. Re4 Kd5 48. Re1 Ra6 49. Kf4 c3 50. Rd1+ Ke6 51. Rc1 Rc6 52. Rc2 Rc4+ 53. Ke3 Rxh4 54. Kd3 Nd5 55. Rf2 Kxe5 0-1

[Event "Nordic Chess-ch 2019"]
[Site "Sarpsborg"]
[Date "2019.06.24"]
[Round "6.34"]
[White "Holst, Conny"]
[Black "Rukovci, Shemsi"]
[Result "1-0"]
[ECO "D61"]
[WhiteElo "2197"]
[BlackElo "1907"]
[Annotator "ChessBase"]
[PlyCount "120"]
[EventDate "2019.06.21"]
[EventType "swiss"]
[EventCountry "NOR"]
[SourceTitle "playchess.com"]
[Source "ChessBase"]
[SourceQuality "1"]
[TimeControl "40/5400+30:1800+30"]

1. d4 d5 2. c4 e6 3. Nc3 Nf6 4. Bg5 Be7 5. e3 Nbd7 6. Qc2 O-O 7. Rd1 Re8 8. Nf3 c6 9. Bd3 Nf8 10. Ne5 N6d7 11. Bxe7 Qxe7 12. f4 Nxe5 13. fxe5 Qg5 14. Qf2 Ng6 15. h4 Qe7 16. h5 Nf8 17. O-O Nd7 18. Qg3 Rf8 19. Rf4 f5 20. exf6 Nxf6 21. Rdf1 Bd7 22. Qg5 dxc4 23. Bxc4 Nd5 24. Qxe7 Nxe7 25. Ne4 Rxf4 26. Rxf4 Nd5 27. Rf3 Rf8 28. Kf2 Rxf3+ 29. Kxf3 Kf8 30. Nc5 Bc8 31. e4 Nc7 32. Kf4 b6 33. Nd3 Ba6 34. Bxa6 Nxa6 35. a3 Ke7 36. g4 Nc7 37. g5 Nb5 38. Ke3 Nd6 39. Ne5 c5 40. dxc5 bxc5 41. Kd3 a6 42. a4 Ne8 43. Kc4 Nd6+ 44. Kxc5 Nxe4+ 45. Kb6 Nxg5 46. b4 Ne4 47. Kxa6 Kd6 48. Ng4 Kc7 49. a5 Nd6 50. b5 Kb8 51. Ne5 g5 52. Kb6 g4 53. Kc6 Nb7 54. a6 Na5+ 55. Kb6 Nb3 56. Nd7+ Ka8 57. a7 g3 58. Ka6 Nc5+ 59. Nxc5 g2 60. b6 g1=Q 1-0

[Event "Nordic Chess-ch 2019"]
[Site "Sarpsborg"]
[Date "2019.06.24"]
[Round "6.35"]
[White "Andersen, Harry"]
[Black "Skogheim, Ole Morten"]
[Result "0-1"]
[ECO "B32"]
[WhiteElo "1905"]
[BlackElo "1950"]
[Annotator "NA"]
[PlyCount "80"]
[EventDate "2019.06.21"]
[EventType "swiss"]
[EventCountry "NOR"]
[SourceTitle "playchess.com"]
[Source "ChessBase"]
[SourceQuality "1"]
[TimeControl "40/5400+30:1800+30"]

1. e4 c5 2. Nf3 Nc6 3. d4 cxd4 4. Nxd4 e5 5. Nb5 d6 6. N1c3 a6 7. Na3 b5 8. Nd5 Nge7 9. c3 Nxd5 10. Qxd5 Bb7 11. Be3 Qc7 12. Rd1 Nd4 13. Nxb5 axb5 14. Bxb5+ Nxb5 15. Qxb5+ Qc6 16. a4 Rxa4 17. Qxc6+ Bxc6 18. f3 Ra2 19. Rd2 Ra1+ 20. Rd1 Rxd1+ 21. Kxd1 Be7 22. Kc2 Kd7 23. b4 Ra8 24. Kb3 d5 25. exd5 Bxd5+ 26. c4 Be6 27. Rd1+ Kc8 28. Bd2 Kb7 29. Re1 Rc8 30. Rc1 h5 31. Be1 h4 32. Bf2 Bg5 33. Rc2 Rd8 34. Be1 Rd3+ 35. Ka4 Be7 36. Bc3 Bxc4 37. Rc1 Be6 38. h3 Rd8 39. Bxe5 Ra8+ 40. Kb5 Bd7+ 0-1